TOP OF THE 1ST |
Corpus Christi Twins batting - Pitching for Balboa Buccaneers : RHP Brandeis Göller
|
Pitching: RHP Brandeis Göller
|
|
Batting: RHB Andrew Floyd
|
0-0: Ball 1-0: Ball 2-0: Ground out 6-3 (Groundball, 6)
|
Batting: RHB Bill McCarty
|
0-0: Fly out, F6 (Popup, 56D)
|
Batting: RHB Gonzalo Núńez
|
0-0: Foul Ball, location: 2F 0-1: Foul Ball, location: 2F 0-2: Strikes out swinging
|
Top of the 1st over - 0 run(s), 0 hit(s), 0 error(s), 0 left on base; Corpus Christi 0 - Balboa 0 |
BOTTOM OF THE 1ST |
Balboa Buccaneers batting - Pitching for Corpus Christi Twins : RHP Aurélien Godet
|
Pitching: RHP Aurélien Godet
|
|
Batting: RHB Leonard James
|
0-0: Ball 1-0: Swinging Strike 1-1: Ball 2-1: Foul Ball, location: 2F 2-2: Ball 3-2: Foul Ball, location: 2F 3-2: Foul Ball, location: 2F 3-2: Base on Balls
|
Batting: RHB Matt Nelson
|
0-0: Called Strike 0-1: Ball 1-1: SINGLE (Line Drive, 89S) Leonard James to second Runner from 2nd tries for 3rd, SAFE, no throw or cutoff
|
Batting: RHB César Garza
|
0-0: SINGLE (Flyball, 8LS) Leonard James scores Matt Nelson to second
|
Batting: LHB Bellchyor Lebrim
|
0-0: Ball 1-0: Ball 2-0: Ball 3-0: Base on Balls Matt Nelson to third César Garza to second
|
Batting: RHB Derek Schroeder
|
0-0: Ball 1-0: Fly out, F9 (Flyball, 9S)
|
Batting: LHB Anthony Trigg
|
0-0: Ball Wild Pitch! Matt Nelson scores César Garza to third Bellchyor Lebrim to second 1-0: Fly out, F8 (Flyball, 8RM) Runner from 3rd tags up, SCORES, throw made
|
Batting: SHB Theodore Buck
|
0-0: Called Strike 0-1: Ball 1-1: Ball 2-1: TRIPLE (Line Drive, 89M) Bellchyor Lebrim scores
|
Batting: RHB Louie McNeil
|
0-0: Ball 1-0: Ball 2-0: Called Strike 2-1: Fly out, F8 (Line Drive, 8RM)
|
Bottom of the 1st over - 4 run(s), 3 hit(s), 0 error(s), 1 left on base; Corpus Christi 0 - Balboa 4 |
TOP OF THE 2ND |
Corpus Christi Twins batting - Pitching for Balboa Buccaneers : RHP Brandeis Göller
|
Batting: LHB Don Sullivan
|
0-0: Ball 1-0: Ball 2-0: Foul Ball, location: 2F 2-1: Ball 3-1: Base on Balls
|
Batting: LHB John Brewer
|
0-0: Ball Balk! Don Sullivan to second 1-0: Swinging Strike 1-1: TRIPLE (Line Drive, 9LS) Don Sullivan scores
|
Batting: RHB Martín González
|
0-0: Ball 1-0: Foul Ball, location: 2F 1-1: Called Strike 1-2: Strikes out swinging
|
Batting: RHB Daniel Cooper
|
0-0: Foul Ball, location: 2F 0-1: Foul Ball, location: 2F 0-2: 2-RUN HOME RUN (Flyball, 7D), Distance : 395 ft
|
Batting: RHB Denis Taylor
|
0-0: Ball 1-0: Ball 2-0: Fly out, F9 (Flyball, 89M)
|
Batting: RHB Dan Kirk
|
0-0: Ball 1-0: Ball 2-0: Ball 3-0: Base on Balls
|
Batting: RHB Andrew Floyd
|
0-0: Ball 1-0: Called Strike 1-1: Ball 2-1: Foul Ball, location: 2F 2-2: Foul Ball, location: 2F 2-2: Foul Ball, location: 2F 2-2: Ball 3-2: Fly out, F9 (Line Drive, 9M)
|
Top of the 2nd over - 3 run(s), 2 hit(s), 0 error(s), 1 left on base; Corpus Christi 3 - Balboa 4 |
BOTTOM OF THE 2ND |
Balboa Buccaneers batting - Pitching for Corpus Christi Twins : RHP Aurélien Godet
|
Batting: SHB Chris Cordell
|
0-0: Foul Ball, location: 2F 0-1: Ball 1-1: Called Strike 1-2: Foul Ball, location: 2F 1-2: Foul Ball, location: 2F 1-2: Foul Ball, location: 2F 1-2: Ball 2-2: Fly out, F8 (Line Drive, 8LM)
|
Batting: RHB Leonard James
|
0-0: Called Strike 0-1: Ball 1-1: SOLO HOME RUN (Flyball, 7D), Distance : 409 ft
|
Batting: RHB Matt Nelson
|
0-0: Foul Ball, location: 2F 0-1: Foul Ball, location: 2F 0-2: Strikes out swinging
|
Batting: RHB César Garza
|
0-0: Swinging Strike 0-1: Fly out, F4 (Line Drive, 4)
|
Bottom of the 2nd over - 1 run(s), 1 hit(s), 0 error(s), 0 left on base; Corpus Christi 3 - Balboa 5 |
TOP OF THE 3RD |
Corpus Christi Twins batting - Pitching for Balboa Buccaneers : RHP Brandeis Göller
|
Batting: RHB Bill McCarty
|
0-0: Foul Ball, location: 2F 0-1: Ball 1-1: Ball 2-1: Fly out, F9 (Flyball, 89D)
|
Batting: RHB Gonzalo Núńez
|
0-0: Foul Ball, location: 2F 0-1: Swinging Strike 0-2: Strikes out looking
|
Batting: LHB Don Sullivan
|
0-0: Ball 1-0: SINGLE (Groundball, 6MD)
|
Batting: LHB John Brewer
|
0-0: Ball 1-0: Called Strike 1-1: Ball 2-1: Foul Ball, location: 2F 2-2: Fly out, F4 (Popup, 4D)
|
Top of the 3rd over - 0 run(s), 1 hit(s), 0 error(s), 1 left on base; Corpus Christi 3 - Balboa 5 |
BOTTOM OF THE 3RD |
Balboa Buccaneers batting - Pitching for Corpus Christi Twins : RHP Aurélien Godet
|
Batting: LHB Bellchyor Lebrim
|
0-0: Ball 1-0: Ball 2-0: Ball 3-0: Called Strike 3-1: Foul Ball, location: 2F 3-2: Foul Ball, location: 2F 3-2: Base on Balls
|
Batting: RHB Derek Schroeder
|
0-0: Called Strike 0-1: Ball 1-1: Grounds into double play, 1-6-3 (Groundball, 15)
|
Batting: LHB Anthony Trigg
|
0-0: Ball 1-0: Called Strike 1-1: Ball 2-1: Swinging Strike 2-2: SOLO HOME RUN (Flyball, 89XD), Distance : 411 ft
|
Pitching: RHP Dan Riggs
|
|
Batting: SHB Theodore Buck
|
0-0: Called Strike 0-1: Ball 1-1: Fly out, F7 (Flyball, 7M)
|
Bottom of the 3rd over - 1 run(s), 1 hit(s), 0 error(s), 0 left on base; Corpus Christi 3 - Balboa 6 |
TOP OF THE 4TH |
Corpus Christi Twins batting - Pitching for Balboa Buccaneers : RHP Brandeis Göller
|
Batting: RHB Martín González
|
0-0: Ball 1-0: Swinging Strike 1-1: Ball 2-1: Foul Ball, location: 2F 2-2: DOUBLE (Line Drive, 7LS)
|
Batting: RHB Daniel Cooper
|
0-0: Foul Ball, location: 2F 0-1: Swinging Strike 0-2: Strikes out swinging
|
Batting: RHB Denis Taylor
|
0-0: Ball 1-0: Foul Ball, location: 2F 1-1: Ball 2-1: Ball 3-1: Called Strike 3-2: Foul Ball, location: 2F 3-2: Base on Balls
|
Batting: RHB Dan Kirk
|
0-0: Swinging Strike 0-1: Called Strike 0-2: Ball 1-2: Ball 2-2: Strikes out swinging
|
Batting: RHB Andrew Floyd
|
0-0: Ball 1-0: Ball 2-0: Foul Ball, location: 2F 2-1: Called Strike 2-2: Ball 3-2: SINGLE (Groundball, 4) Martín González to third Denis Taylor to second Martín González scores Denis Taylor to third
|
Batting: RHB Bill McCarty
|
0-0: Called Strike 0-1: Called Strike 0-2: Ball 1-2: Ball 2-2: Fly out, F9 (Line Drive, 89S)
|
Top of the 4th over - 1 run(s), 2 hit(s), 0 error(s), 2 left on base; Corpus Christi 4 - Balboa 6 |
BOTTOM OF THE 4TH |
Balboa Buccaneers batting - Pitching for Corpus Christi Twins : RHP Dan Riggs
|
Batting: RHB Louie McNeil
|
0-0: Ball 1-0: SINGLE (Line Drive, 7LS)
|
Batting: SHB Chris Cordell
|
0-0: Ball 1-0: Fly out, F7 (Popup, 5D)
|
Batting: RHB Leonard James
|
0-0: Ball 1-0: Called Strike 1-1: SINGLE (Groundball, 34S) Louie McNeil to second Runner from 2nd tries for 3rd, SAFE, throw made to third Leonard James to second
|
Batting: RHB Matt Nelson
|
0-0: Foul Ball, location: 2F 0-1: Foul Ball, location: 2F 0-2: Ball 1-2: Strikes out looking
|
Batting: RHB César Garza
|
0-0: Called Strike 0-1: Ground out 1-3 (Groundball, 13S)
|
Bottom of the 4th over - 0 run(s), 2 hit(s), 0 error(s), 2 left on base; Corpus Christi 4 - Balboa 6 |
TOP OF THE 5TH |
Corpus Christi Twins batting - Pitching for Balboa Buccaneers : RHP Brandeis Göller
|
Batting: RHB Gonzalo Núńez
|
0-0: Ball 1-0: Foul Ball, location: 2F 1-1: Ball 2-1: Swinging Strike 2-2: Ball 3-2: Fly out, F9 (Flyball, 89M)
|
Batting: LHB Don Sullivan
|
0-0: Called Strike 0-1: Swinging Strike 0-2: Strikes out swinging
|
Batting: LHB John Brewer
|
0-0: Swinging Strike 0-1: Foul Ball, location: 2F 0-2: Ball 1-2: Foul Ball, location: 2F 1-2: Ball 2-2: Reached on error, E4 (Groundball, 34)
|
Batting: RHB Martín González
|
0-0: Swinging Strike 0-1: Ball 1-1: Swinging Strike 1-2: Strikes out swinging
|
Top of the 5th over - 0 run(s), 0 hit(s), 1 error(s), 1 left on base; Corpus Christi 4 - Balboa 6 |
BOTTOM OF THE 5TH |
Balboa Buccaneers batting - Pitching for Corpus Christi Twins : RHP Dan Riggs
|
Batting: LHB Bellchyor Lebrim
|
0-0: Foul Ball, location: 2F 0-1: Ball 1-1: Ball 2-1: Ball 3-1: Base on Balls
|
Batting: RHB Derek Schroeder
|
0-0: Called Strike 0-1: Called Strike 0-2: Grounds into double play, 6-4-3 (Groundball, 6)
|
Batting: LHB Anthony Trigg
|
0-0: Called Strike 0-1: Ball 1-1: Ball 2-1: SINGLE (Flyball, 7S)
|
Batting: SHB Theodore Buck
|
0-0: Ball 1-0: Called Strike 1-1: Called Strike 1-2: SINGLE (Line Drive, 3D) Anthony Trigg to second Runner from 2nd tries for 3rd, OUT!
|
Bottom of the 5th over - 0 run(s), 2 hit(s), 0 error(s), 1 left on base; Corpus Christi 4 - Balboa 6 |
TOP OF THE 6TH |
Corpus Christi Twins batting - Pitching for Balboa Buccaneers : RHP Brandeis Göller
|
Batting: RHB Daniel Cooper
|
0-0: TRIPLE (Flyball, 8LXD)
|
Batting: RHB Denis Taylor
|
0-0: Ball 1-0: Fly out, F8 (Flyball, 8RM) Runner from 3rd tags up, SCORES, no throw
|
Pitching: RHP Dan Pope
|
|
Batting: RHB Dan Kirk
|
0-0: Called Strike 0-1: DOUBLE (Groundball, 5L)
|
Batting: RHB Andrew Floyd
|
0-0: Ball 1-0: Foul Ball, location: 2F 1-1: Ball 2-1: Fly out, F8 (Flyball, 8LM)
|
Batting: RHB Bill McCarty
|
0-0: Swinging Strike 0-1: DOUBLE (Line Drive, 8RM) Dan Kirk scores
|
Batting: RHB Gonzalo Núńez
|
0-0: Ball 1-0: Called Strike 1-1: Ball 2-1: Foul Ball, location: 2F 2-2: Ball 3-2: Base on Balls
|
Batting: LHB Don Sullivan
|
0-0: Ball 1-0: Called Strike 1-1: Ground out 4-3 (Groundball, 34)
|
Top of the 6th over - 2 run(s), 3 hit(s), 0 error(s), 2 left on base; Corpus Christi 6 - Balboa 6 |
BOTTOM OF THE 6TH |
Balboa Buccaneers batting - Pitching for Corpus Christi Twins : RHP Dan Riggs
|
Batting: RHB Louie McNeil
|
0-0: Ball 1-0: Ball 2-0: SINGLE (Line Drive, 4D)
|
Batting: SHB Chris Cordell
|
0-0: Bunted foul 0-1: Sac Bunt - play at first, batter OUT! 5-4 Louie McNeil to second
|
Batting: RHB Leonard James
|
0-0: Ball 1-0: Ball 2-0: Called Strike 2-1: Called Strike 2-2: Strikes out swinging
|
Pitching: RHP Claudio Salinas
|
|
Batting: RHB Matt Nelson
|
0-0: Called Strike 0-1: Ball 1-1: Called Strike 1-2: Foul Ball, location: 2F 1-2: Foul Ball, location: 2F 1-2: Foul Ball, location: 2F 1-2: SINGLE (Flyball, 8RS) Louie McNeil to third Runner from 3rd tries for Home, SAFE, no throw or cutoff
|
Batting: RHB César Garza
|
0-0: Ball 1-0: Foul Ball, location: 2F 1-1: Called Strike 1-2: Ground out 5-3 (Groundball, 56S)
|
Bottom of the 6th over - 1 run(s), 2 hit(s), 0 error(s), 1 left on base; Corpus Christi 6 - Balboa 7 |
TOP OF THE 7TH |
Corpus Christi Twins batting - Pitching for Balboa Buccaneers : RHP Dan Pope
|
Batting: LHB John Brewer
|
0-0: Swinging Strike 0-1: Ball 1-1: Fly out, F8 (Flyball, 8RM)
|
Batting: RHB Martín González
|
0-0: Hit by Pitch
|
Batting: RHB Daniel Cooper
|
0-0: Ball 1-0: Ball 2-0: Fly out, F8 (Flyball, 8RS)
|
Pinch Hitting: RHB Dale Carney
|
0-0: Ball 1-0: Called Strike 1-1: Foul Ball, location: 2F 1-2: Ball 2-2: Fly out, F9 (Flyball, 9D)
|
Top of the 7th over - 0 run(s), 0 hit(s), 0 error(s), 1 left on base; Corpus Christi 6 - Balboa 7 |
BOTTOM OF THE 7TH |
Balboa Buccaneers batting - Pitching for Corpus Christi Twins : RHP Claudio Salinas
|
Now at SS: Otso Tuulari
|
|
Batting: LHB Bellchyor Lebrim
|
0-0: Ball 1-0: Foul Ball, location: 2F 1-1: Foul Ball, location: 2F 1-2: Ball 2-2: DOUBLE (Line Drive, 9LD)
|
Batting: RHB Derek Schroeder
|
0-0: Called Strike 0-1: Ball 1-1: Ball 2-1: Fly out, F8 (Flyball, 8RS)
|
Batting: LHB Anthony Trigg
|
0-0: Ball 1-0: Foul Ball, location: 2F 1-1: Foul Ball, location: 2F 1-2: Ball 2-2: Strikes out swinging
|
Batting: SHB Theodore Buck
|
0-0: DOUBLE (Line Drive, 6D) Bellchyor Lebrim scores
|
Batting: RHB Louie McNeil
|
0-0: Called Strike 0-1: Fly out, F8 (Flyball, 8RM)
|
Bottom of the 7th over - 1 run(s), 2 hit(s), 0 error(s), 1 left on base; Corpus Christi 6 - Balboa 8 |
TOP OF THE 8TH |
Corpus Christi Twins batting - Pitching for Balboa Buccaneers : RHP Dan Pope
|
Batting: RHB Dan Kirk
|
0-0: Ball 1-0: Fly out, F6 (Line Drive, 6)
|
Pitching: RHP Gunner Hanna
|
|
Batting: RHB Andrew Floyd
|
0-0: Swinging Strike 0-1: Swinging Strike 0-2: Ball 1-2: Foul Ball, location: 2F 1-2: Ball 2-2: Strikes out looking
|
Batting: RHB Bill McCarty
|
0-0: Ball 1-0: Ball 2-0: Called Strike 2-1: Ball 3-1: Swinging Strike 3-2: Strikes out looking
|
Top of the 8th over - 0 run(s), 0 hit(s), 0 error(s), 0 left on base; Corpus Christi 6 - Balboa 8 |
BOTTOM OF THE 8TH |
Balboa Buccaneers batting - Pitching for Corpus Christi Twins : RHP Claudio Salinas
|
Batting: SHB Chris Cordell
|
0-0: Swinging Strike 0-1: Foul Ball, location: 2F 0-2: Ball 1-2: Ball 2-2: Foul Ball, location: 2F 2-2: Ball 3-2: Foul Ball, location: 2F 3-2: Strikes out looking
|
Batting: RHB Leonard James
|
0-0: Foul Ball, location: 2F 0-1: Fly out, F8 (Flyball, 8RD)
|
Batting: RHB Matt Nelson
|
0-0: Ball 1-0: Ball 2-0: Ball 3-0: Called Strike 3-1: Foul Ball, location: 2F 3-2: Base on Balls
|
Batting: RHB César Garza
|
0-0: Ball 1-0: Called Strike 1-1: Foul Ball, location: 2F 1-2: Fly out, F4 (Popup, 3DF)
|
Bottom of the 8th over - 0 run(s), 0 hit(s), 0 error(s), 1 left on base; Corpus Christi 6 - Balboa 8 |
TOP OF THE 9TH |
Corpus Christi Twins batting - Pitching for Balboa Buccaneers : RHP Gunner Hanna
|
Pitching: RHP Rubén Rodríguez
|
|
Batting: RHB Gonzalo Núńez
|
0-0: Foul Ball, location: 2F 0-1: SINGLE (Groundball, 4MD)
|
Batting: LHB Don Sullivan
|
0-0: Ball 1-0: Fly out, F4 (Popup, 34D)
|
Batting: LHB John Brewer
|
0-0: Foul Ball, location: 2F 0-1: Ball 1-1: Ball 2-1: Ball 3-1: Foul Ball, location: 2F 3-2: SINGLE (Line Drive, 8LS) Gonzalo Núńez to second
|
Pinch Hitting: LHB Ken Wiley
|
0-0: SINGLE (Flyball, 8LS) Gonzalo Núńez to third John Brewer to second Runner from 3rd tries for Home, SAFE, no throw or cutoff
|
Batting: RHB Daniel Cooper
|
0-0: Ground out 5-3 (Groundball, 5) John Brewer to third Ken Wiley to second
|
Pinch Hitting: RHB Wilbur Harris
|
0-0: SINGLE (Groundball, 34S) John Brewer scores Ken Wiley to third Runner from 3rd tries for Home, SAFE, no throw or cutoff
|
Pitching: RHP Bill Swain
|
|
Batting: RHB Dan Kirk
|
0-0: Ball 1-0: Ball 2-0: Ball 3-0: Base on Balls Wilbur Harris to second
|
Pinch Hitting: LHB Jim Unknown
|
0-0: Foul Ball, location: 2F 0-1: Ball 1-1: Foul Ball, location: 2F 1-2: Ground out U3 (Groundball, 3S)
|
Top of the 9th over - 3 run(s), 4 hit(s), 0 error(s), 2 left on base; Corpus Christi 9 - Balboa 8 |
|